 Dungeon Crawl Stone Soup version 0.30-a0-652-gcc886f7154 (webtiles) character file.

Game seed: 16119551192742016643

15067 Leeroy the Nimble (level 12, -15/69 HPs)
             Began as a Tengu Warper on Jan 17, 2023.
             Demolished by a two-headed ogre
             ... wielding a +0 giant club
              (16 damage)
             ... on level 10 of the Dungeon.
             The game lasted 00:39:27 (15486 turns).

Leeroy the Nimble (Tengu Warper)                   Turns: 15486, Time: 00:39:28

Health: -15/69     AC: 11    Str:  7    XL:     12   Next: 23%
Magic:  23/23      EV: 23    Int: 19    God:
Gold:   808        SH:  0    Dex: 19    Spells: 3/25 levels left

rFire   . . .      SeeInvis .    D - +4 long sword of Quick Duty {flame, Will++}
rCold   . . .      Faith    .    (no shield)
rNeg    . . .      Spirit   .    z - +0 steam dragon scales
rPois   +          Reflect  .    (helmet restricted)
rElec   .          Harm     .    U - +0 cloak
rCorr   .          Rampage  .    (no gloves)
Will    +++..                    (boots unavailable)
Stlth   ++                       g - amulet of magic regeneration
HPRegen 0.31/turn                f - ring of the Neverending Tales {rPois Will+ Str-5 Int+6}
MPRegen 0.58/turn                x - +4 ring of protection

@: flying quickly and evasively, quick
A: beak, talons 3, nimble flight
a: no special abilities


You were on level 10 of the Dungeon.
You visited 2 branches of the dungeon, and saw 11 of its levels.

You collected 1296 gold pieces.
You spent 488 gold pieces at shops.

Inventory:

Hand Weapons
 a - a +0 falchion
 c - a +1 short sword of distortion
 o - a +0 rapier
 p - a +0 scimitar
 s - a +1 dagger of speed
 y - the +8 whip "Ceff" {heavy, Str+5 Int-4}
   (You found it on level 6 of the Dungeon)

   Str:       It affects your strength (+5).
   Int:       It affects your intelligence (-4).
 D - the +4 long sword of Quick Duty (weapon) {flame, Will++}
   (You found it on level 7 of the Dungeon)

   Will:      It greatly increases your willpower.
 I - a +0 arbalest
 J - a +0 shortbow of flaming
 P - a +1 short sword of electrocution
 Q - a +6 great sword of freezing
 R - a +4 scimitar of freezing
 T - a +3 quarterstaff of chaos
 W - a +2 dagger of freezing
Missiles
 d - 7 boomerangs of dispersal
 j - 4 boomerangs
 r - 41 poisoned darts
 S - 5 throwing nets
Armour
 b - a +0 leather armour
 t - a +0 ring mail
 v - a +0 troll leather armour
 w - a +0 plate armour
 z - +0 steam dragon scales (worn)
 B - the +1 chain mail "Fynimp" {rCorr}
   (You took it off an orc on level 6 of the Dungeon)

   rCorr:     It protects you from acid and corrosion.
 N - a +0 buckler
 U - a +0 cloak (worn)
Magical Staves
 k - a staff of conjuration
Jewellery
 f - the ring of the Neverending Tales (left hand) {rPois Will+ Str-5 Int+6}
   (You acquired it on level 3 of the Dungeon)

   [ring of intelligence]

   Str:       It affects your strength (-5).
   Int:       It affects your intelligence (+6).
   rPois:     It protects you from poison.
   Will:      It increases your willpower.
 g - an amulet of magic regeneration (around neck)
 x - a +4 ring of protection (right hand)
 G - a +6 ring of strength
 H - a ring of willpower
Wands
 L - a wand of quicksilver (4)
 O - a wand of roots (3) (quivered)
 X - a wand of mindburst (5)
Scrolls
 e - 2 scrolls of brand weapon
 i - 2 scrolls of noise
 m - a scroll of immolation
 A - a scroll of magic mapping
 E - a scroll of identify
 F - a scroll of teleportation
Potions
 h - a potion of degeneration
 l - a potion of might
 n - a potion of attraction
 q - 3 potions of haste
 u - 3 potions of curing
 C - a potion of invisibility {unknown}
 K - 2 potions of cancellation {unknown}
 M - a potion of mutation {unknown}
 V - a potion of flight {unknown}


   Skills:
 + Level 5.9 Fighting
 - Level 10.0 Long Blades
 - Level 1.0 Throwing
 - Level 4.5 Armour
 - Level 11.1 Dodging
 - Level 7.1 Spellcasting
 * Level 4.6 Conjurations
 - Level 2.4 Translocations
 - Level 6.0 Ice Magic
 - Level 9.0 Air Magic


You had 3 spell levels left.
You knew the following spells:

 Your Spells              Type           Power      Damage    Failure   Level
a - Blink                 Tloc           30%        N/A       5%          2
b - Vhi's Electric Charg  Tloc/Air       56%        N/A       3%          3
c - Kindle Blastsparks    Fire/Tloc/Air  42%        2d13      6%          3
d - Freezing Cloud        Conj/Ice/Air   15%        6-21      19%         5
e - Airstrike             Air            20%        2d(3-19)  2%          4
f - Lightning Bolt        Conj/Air       16%        1d30      17%         5

Your spell library contained the following spells:

 Spells                   Type           Power      Damage    Failure   Level
 Freeze                   Ice            100%       1d10      1%          1
 Frozen Ramparts          Ice            58%        1d9       2%          3
 Foxfire                  Conj/Fire      60%        2x1d7     3%          1
 Momentum Strike          Conj/Tloc      40%        3d9       3%          2
 Hailstorm                Conj/Ice       26%        3d7       3%          3
 Ensorcelled Hibernation  Hex/Ice        36%        N/A       4%          2
 Lesser Beckoning         Tloc           30%        N/A       5%          2
 Teleport Other           Tloc           15%        N/A       11%         3
 Portal Projectile        Hex/Tloc       22%        N/A       19%         3
 Ignite Poison            Fire/Tmut/Pois 6%         N/A       30%         3
 Inner Flame              Hex/Fire       6%         N/A       30%         3
 Spider Form              Tmut/Pois      6%         N/A       30%         3
 Tukima's Dance           Hex            6%         N/A       30%         3
 Summon Lightning Spire   Summ/Air       23%        N/A       16%         4
 Flame Wave               Conj/Fire      15%        2d7       36%         4
 Manifold Assault         Tloc           15%        N/A       36%         4
 Passage of Golubria      Tloc           15%        N/A       36%         4
 Sticky Flame             Conj/Fire      15%        2d4       36%         4
 Anguish                  Hex/Necr       3%         N/A       69%         4
 Fireball                 Conj/Fire      7%         3d5       71%         5
 Blade Hands              Tmut           3%         N/A       95%         5
 Yara's Violent Unravell  Hex/Tmut       3%         3d4       95%         5
 Starburst                Conj/Fire      7%         6d4       99%         6


Dungeon Overview and Level Annotations

Branches:
Dungeon (10/15)            Temple (1/1) D:7
   Lair: D:8-11         Orc: D:9-12

Altars:
Ashenzari
Cheibriados
Dithmenos
Elyvilon
Fedhas
Gozag
Hepliaklqana
Kikubaaqudgha
Makhleb
Nemelex Xobeh
Okawaru
Qazlal
Ru
Sif Muna
Trog
Vehumet
Wu Jian
Xom
Yredelemnul
Zin
The Shining One

Shops:
D:1 *   D:6 ?   D:9 :*   D:10 *


Innate Abilities, Weirdness & Mutations

You have a beak for a mouth.
You have claws for feet.
Your magical nature lets you fly swiftly and evasively.


Message History

The spell is quite dangerous to miscast (21% risk of failure)!
Continue anyway?
Aiming: Freezing Cloud (quite dangerous; 21% risk of failure)
Press: ? - help, Dir - move target The two-headed ogre is engulfed in freezing vapours.
The two-headed ogre is engulfed in freezing vapours.
The two-headed ogre is engulfed in freezing vapours.
Casting: Freezing Cloud (quite dangerous; 21% risk of failure)
Confirm with . or Enter, or press ? or * to list all spells.
The spell is quite dangerous to miscast (21% risk of failure)!
Continue anyway?
Aiming: Freezing Cloud (quite dangerous; 21% risk of failure)
Press: ? - help, Dir - move target, f - two-headed ogre
Aim: a two-headed ogre, wielding a +0 giant club and a +0 giant spiked club (heavily wounded)
You miscast Freezing Cloud.
You are very lightly contaminated with residual magic.
Nothing appears to happen.
Casting: Freezing Cloud (quite dangerous; 21% risk of failure)
Confirm with . or Enter, or press ? or * to list all spells.
The spell is quite dangerous to miscast (21% risk of failure)!
Continue anyway?
Aiming: Freezing Cloud (quite dangerous; 21% risk of failure)
Press: ? - help, Dir - move target, f/p - two-headed ogre
Aim: a two-headed ogre, wielding a +0 giant club and a +0 giant spiked club (heavily wounded)
The two-headed ogre is engulfed in freezing vapours.
The two-headed ogre is engulfed in freezing vapours.
You hit the two-headed ogre. You burn the two-headed ogre.
You kill the two-headed ogre!
Your magical contamination has completely faded away.
There is a stone staircase leading down here.
You start waiting.
Done waiting.
You fly downwards.
The centaur shoots an arrow.
The arrow hits you!
The two-headed ogre hits you with a +0 giant club!!
The two-headed ogre misses you. The orc completely misses you.
The centaur shoots an arrow.
The arrow misses you.
The two-headed ogre shouts in stereo!
There is a stone staircase leading up, spattered with blood here.
The orc misses you.
The centaur shoots an arrow.
The arrow closely misses you.
The two-headed ogre hits you with a +0 giant club!!
* * * LOW HITPOINT WARNING * * *
The two-headed ogre hits you with a +0 giant club!
You die...

.... ....# ... ..... ###..#
.....# ..... .....+
#############...##.....##
#................... ...#
............#...o>####..###
###O###..##..@O.........
##..Oc.##..#.#......#..#######
##h.#.#h.##.....c.............
##..##.#.Y.##..##.O........#.#
#...#..#....#.......8...>....#
#.#....#..).#..##....[.......#
†.#......##.....#.....∩....###
#.##.#...##.#c###.........##
#....#......#.......<...8.#


You could see 2 two-headed ogres, a centaur and an orc.

Vanquished Creatures
  Harold (D:9)
  3 two-headed ogres
  Lodul (D:9)
  Pikel (D:6)
  2 ugly things
  A deep elf pyromancer (D:9)
  2 slime creatures (D:9)
  A kobold demonologist (D:10)
  3 trolls
  A hornet (D:9)
  Prince Ribbit (D:6)
  Sigmund (D:6)
  A vampire (D:10)
  2 shadows
  2 wyverns (D:9)
  14 yaks
  A steam dragon (D:6)
  Menkaure (D:6)
  A vampire mosquito (D:10)
  A water moccasin (D:9)
  An ice beast (D:6)
  2 sky beasts (D:6)
  5 orc warriors
  2 black bears
  7 ogres
  11 centaurs
  A phantom (D:5)
  5 kobold brigands
  Blork the orc (D:6)
  A necrophage (D:8)
  5 bullfrogs
  A scorpion (D:5)
  6 wights (D:9)
  A killer bee (D:9)
  4 howler monkeys
  A jelly (D:6)
  11 orc priests
  6 hounds
  Crazy Yiuf (D:2)
  3 gnoll boudas
  Natasha (thrice) (D:2)
  4 iguanas
  18 orc wizards
  14 gnolls
  8 adders
  A white imp (D:6)
  An ufetubus (D:5)
  4 worms
  2 dart slugs
  20 orcs
  4 endoplasms
  4 giant cockroaches
  8 goblins
  5 hobgoblins
  8 jackals
  19 kobolds
  5 quokkas
  9 ball pythons
  2 bats (D:3)
  3 frilled lizards (D:1)
  3 rats
261 creatures vanquished.

Notes
Turn   | Place    | Note
-------+----------+-------------------------------------------
     0 | D:1      | Leeroy the Tengu Warper began the quest for the Orb.
     0 | D:1      | Reached XP level 1. HP: 12/12 MP: 4/4
   118 | D:1      | Reached XP level 2. HP: 14/17 MP: 6/6
   429 | D:1      | Reached XP level 3. HP: 17/21 MP: 7/7
   577 | D:1      | Found Bikholae's General Store.
   714 | D:2      | Noticed Natasha
   722 | D:2      | Killed Natasha
   860 | D:2      | Found a runed translucent door.
   861 | D:2      | Noticed Crazy Yiuf
   900 | D:2      | Learned a level 2 spell: Blink
   904 | D:2      | Learned a level 3 spell: Vhi's Electric Charge
   934 | D:2      | Found a faded altar of an unknown god.
   967 | D:2      | Reached XP level 4. HP: 26/26 MP: 8/8
  1217 | D:2      | Noticed Natasha
  1226 | D:2      | Killed Natasha
  1227 | D:2      | Reached skill level 5 in Long Blades
  1297 | D:2      | Noticed Natasha
  1305 | D:2      | Killed Natasha
  1306 | D:2      | Gained mutation: Your magical nature lets you fly swiftly
                  | and evasively. [Tengu growth]
  1306 | D:2      | Reached XP level 5. HP: 13/30 MP: 9/9
  1450 | D:2      | You are sucked into a shaft and drop 1 floor!
  1574 | D:3      | Identified a scroll of acquirement
  1575 | D:3      | Acquired the ring of the Neverending Tales {rPois Will+
                  | Str-5 Int+6}
  1594 | D:3      | Found an ancient bone altar of Kikubaaqudgha.
  2201 | D:3      | Reached XP level 6. HP: 28/35 MP: 10/10
  2684 | D:5      | Entered Level 5 of the Dungeon
  3054 | D:5      | Reached XP level 7. HP: 32/40 MP: 11/11
  3743 | D:6      | Noticed a shadow
  3792 | D:6      | Identified the +8 whip "Ceff" {heavy, Str+5 Int-4}
  4112 | D:4      | Found a shadowy altar of Dithmenos.
  4655 | D:4      | Reached XP level 8. HP: 30/44 MP: 12/12
  5087 | D:6      | Noticed Sigmund
  5105 | D:6      | Killed Sigmund
  5106 | D:6      | Reached skill level 3 in Dodging
  5165 | D:6      | Found a stormy altar of Qazlal.
  5165 | D:6      | Found a shimmering altar of Xom.
  5165 | D:6      | Found a glowing golden altar of the Shining One.
  5169 | D:6      | Found a burning altar of Makhleb.
  5172 | D:6      | Found an iron altar of Okawaru.
  5176 | D:6      | Found a radiant altar of Vehumet.
  5179 | D:6      | Found a blossoming altar of Fedhas.
  5180 | D:6      | Found a shimmering blue altar of Sif Muna.
  5220 | D:6      | Noticed Menkaure
  5226 | D:6      | Killed Menkaure
  5301 | D:6      | Reached skill level 4 in Dodging
  5391 | D:6      | Noticed Prince Ribbit
  5447 | D:6      | Reached skill level 10 in Long Blades
  5609 | D:6      | Found a glowing silver altar of Zin.
  5682 | D:6      | Noticed Blork the orc
  5691 | D:6      | Killed Blork the orc
  5692 | D:6      | Reached skill level 5 in Dodging
  5876 | D:6      | Reached skill level 6 in Dodging
  5876 | D:6      | Reached XP level 9. HP: 27/48 MP: 13/13
  5991 | D:6      | Noticed Pikel
  6017 | D:6      | Killed Pikel
  6018 | D:6      | Reached skill level 8 in Dodging
  6337 | D:6      | Found Esit's Magic Scroll Shoppe.
  6343 | D:6      | Bought a scroll of identify for 26 gold pieces
  6343 | D:6      | Identified the +1 chain mail "Fynimp" {rCorr}
  6347 | D:6      | Bought a scroll of identify for 26 gold pieces
  6347 | D:6      | Bought a scroll of identify for 26 gold pieces
  6589 | D:6      | Killed Prince Ribbit
  6590 | D:6      | Reached skill level 9 in Dodging
  6800 | D:7      | Identified the +4 long sword of Quick Duty {flame, Will++}
  7152 | D:7      | Reached skill level 10 in Dodging
  7338 | D:7      | Found a sacrificial altar of Ru.
  7349 | D:7      | Found a staircase to the Ecumenical Temple.
  7541 | D:7      | Found a sparkling altar of Nemelex Xobeh.
  7610 | Temple   | Entered the Ecumenical Temple
  7907 | D:8      | Reached XP level 10. HP: 53/53 MP: 14/14
  7908 | D:8      | Noticed a cyan ugly thing
  8184 | D:8      | Learned a level 3 spell: Kindle Blastsparks
  8190 | D:8      | Learned a level 5 spell: Freezing Cloud
  8230 | D:8      | Reached skill level 11 in Dodging
  9188 | D:7      | Killed a purple ugly thing
  9466 | D:8      | Noticed a two-headed ogre
  9541 | D:8      | Killed a two-headed ogre
 10230 | D:8      | Reached skill level 5 in Spellcasting
 10288 | D:8      | Found a basalt altar of Yredelemnul.
 10485 | D:9      | Reached XP level 11. HP: 57/57 MP: 19/19
 10510 | D:9      | Found Lytt's Book Shop.
 10536 | D:9      | Bought a book of Storms for 384 gold pieces
 10541 | D:9      | Learned a level 4 spell: Airstrike
 10727 | D:9      | Noticed a skeletal warrior
 10981 | D:9      | Noticed a brown ugly thing
 10994 | D:9      | Noticed a two-headed ogre
 11043 | D:9      | Noticed Harold
 11601 | D:9      | Learned a level 5 spell: Lightning Bolt
 11970 | D:9      | Killed a two-headed ogre
 11985 | D:9      | Killed Harold
 12257 | D:9      | Noticed a skeletal warrior
 12540 | D:2      | Killed Crazy Yiuf
 12754 | D:9      | Killed a brown ugly thing
 13003 | D:9      | Noticed a skeletal warrior
 13031 | D:9      | Reached skill level 5 in Ice Magic
 13032 | D:9      | Noticed a deep elf pyromancer
 13291 | D:9      | Noticed a skeletal warrior
 13291 | D:9      | Noticed a skeletal warrior
 13349 | D:9      | Killed a deep elf pyromancer
 13479 | D:9      | Found Pasalaow's Assorted Antiques.
 13990 | D:10     | Entered Level 10 of the Dungeon
 13990 | D:10     | Found Donaen's General Store.
 14004 | D:10     | Bought a scroll of identify for 26 gold pieces
 14080 | D:10     | Noticed a two-headed ogre
 14243 | D:10     | Noticed a sixfirhy
 14265 | D:10     | Reached skill level 1 in Conjurations
 14270 | D:10     | Reached XP level 12. HP: 65/67 MP: 23/23
 14278 | D:10     | Noticed a two-headed ogre
 14290 | D:10     | Noticed a two-headed ogre
 14557 | D:10     | Noticed Lodul
 14566 | D:9      | Reached skill level 5 in Fighting
 14572 | D:9      | Killed Lodul
 15367 | D:9      | Killed a two-headed ogre
 15486 | D:10     | HP: 1/69 [two-headed ogre/+0 giant club (30)]
 15486 | D:10     | Demolished by a two-headed ogre

Illustrated notes

Levels and vault maps discovered:
D:1:      lightli_arrival_lavapool, layout_loops_ring, serial_shops, shop,
          minmay_pentomino_v4
D:2:      layout_loops_ring, hellmonk_ecumenical_altar_blasted,
          minmay_randomly_rotated_circles, uniq_natasha, uniq_crazy_yiuf_cottage
D:3:      layout_rooms, mainiacjoe_overflow_small_starburst
D:4:      layout_basic, mainiacjoe_overflow_alcove_2
D:5:      layout_basic, roderic_three_in_a_row, nicolae_figureground_pulse
D:6:      layout_loops_corners, zin_scriptorium,
          nicolae_overflow_hallway_of_the_gods, serial_shops, shop,
          kennysheep_generic_room_16, uniq_blork_the_orc, uniq_sigmund,
          uniq_pikel, uniq_prince_ribbit1, uniq_menkaure
D:7:      minmay_flawed_box, layout_cave_pools, kennysheep_mini_moat,
          nicolae_ru_path_of_blood, minmay_temple_entry_gardened_gates
D:8:      layout_basic, lemuel_coloured_pillars_altar
D:9:      minmay_quarter_circles, layout_basic, serial_shops, shop_coins,
          nicolae_stop_n_shop_2, uniq_harold
D:10:     minmay_the_grid_octo_tiled_octocenter
          [minmay_the_grid_octo_tetromino_candy, minmay_the_grid_octo_focus,
          minmay_the_grid_octo_checkerflower, minmay_the_grid_octo_concentric,
          minmay_the_grid_octo_prize_big_c, minmay_the_grid_square_5x5_eight,
          minmay_the_grid_square_5x5_two_walls_a,
          minmay_the_grid_square_5x5_inset, minmay_the_grid_square_5x5_meh],
          layout_basic, mainiacjoe_overflow_catwalk, erik_orc_1, serial_shops,
          nicolae_stop_n_shop_1, special_room [special_room_orc], uniq_lodul
Temple:   hellmonk_temple_beads

Skill      XL: |  1  2  3  4  5  6  7  8  9 10 11 12 |
---------------+-------------------------------------+-----
Long Blades    | 3 4 5 6 7 8 10 | 10.0
Armour         | 3 4 |  4.5
Dodging        | 6 10 11 | 11.1
Air Magic      | 8 9 |  9.0
Spellcasting   | 5 7 |  7.1
Ice Magic      | 6 |  6.0
Fighting       | 4 5 |  5.9
Conjurations   | 1 4 |  4.6
Throwing       | |  1.0
Translocations | |  2.4

Action                   |  1- 3 |  4- 6 |  7- 9 | 10-12 || total
-------------------------+-------+-------+-------+-------++-------
Melee: Falchion          |    66 |    32 |       |       ||    98
       Kick              |    13 |    43 |    76 |   149 ||   281
       Peck              |     7 |    29 |    49 |    80 ||   165
       Scimitar          |       |   127 |   181 |       ||   308
       Punch             |       |       |     3 |     2 ||     5
       Long sword        |       |       |    68 |   384 ||   452
Throw: Dart              |       |       |    17 |     7 ||    24
 Cast: Blink             |       |     1 |     1 |    10 ||    12
       Vhi's Electric Ch |       |       |     1 |     8 ||     9
       Kindle Blastspark |       |       |       |    46 ||    46
       Airstrike         |       |       |       |    35 ||    35
       Freezing Cloud    |       |       |       |     4 ||     4
Evoke: Wand              |       |       |       |     3 ||     3
  Use: Scroll            |       |     6 |     7 |     5 ||    18
       Potion            |       |       |     1 |       ||     1
 Stab: Sleeping          |       |       |     1 |       ||     1
       Distracted        |       |       |       |     1 ||     1
Armor: Leather armour    |    21 |    26 |    30 |       ||    77
       Ring mail         |       |    18 |     5 |       ||    23
       Steam dragon scal |       |       |    26 |    77 ||   103
Dodge: Dodged            |    45 |   115 |   203 |   513 ||   876

Table legend: (Time is in decaauts)
 A = Elapsed time spent in this place.
 B = Non-inter-level travel time spent in this place.
 C = Inter-level travel time spent in this place.
 D = Time resting spent in this place.
 E = Time spent auto-exploring this place.
 F = Levels seen in this place.
 G = Mean time per level.
                   A        B        C        D        E       F      G
               +--------+--------+--------+--------+--------+-----+--------+
         Total |  14749 |  13656 |   1093 |   3306 |   6672 |  11 | 1340.8 |
       Dungeon |  14600 |  13561 |   1039 |   3306 |   6594 |  10 | 1460.0 |
        Temple |    149 |     95 |     54 |      0 |     77 |   1 |  149.0 |
               +--------+--------+--------+--------+--------+-----+--------+

Top non-repeatable levels by time:
     D:9: 2676 daAuts
     D:8: 2608 daAuts
     D:7: 2057 daAuts
     D:4: 1876 daAuts
     D:6: 1794 daAuts
     D:5: 1076 daAuts
     D:2: 931 daAuts
     D:1: 680 daAuts
     D:3: 575 daAuts
    D:10: 324 daAuts
  Temple: 149 daAuts
